 Dungeon Crawl Stone Soup version 0.23.2 (webtiles) character file.

Game seed: 4767040973019311141

770 Borgoz the Cutter (level 7, 0/57 (58) HPs)
             Began as a Ghoul Gladiator on Apr 4, 2019.
             Killed by divine providence
             ... invoked by an orc priest
              (15 damage)
             ... on level 5 of the Dungeon.
             The game lasted 00:05:48 (3945 turns).

Borgoz the Cutter (Ghoul Gladiator)                 Turns: 3945, Time: 00:05:48

HP:   0/57 (58)     AC:  4    Str: 18    XL:     7   Next: 83%
MP:   15/15         EV: 17    Int:  5    God:
Gold: 229           SH:  0    Dex: 10    Spells: 6/6 levels left

rFire    . . .     SeeInvis .   a - +0 rapier
rCold    + . .     Gourm    .   (no shield)
rNeg     + + +     Faith    .   b - +0 leather armour
rPois    ∞         Spirit   .   c - +0 helmet
rElec    .         Reflect  .   (no cloak)
rCorr    .         Harm     .   (no gloves)
MR       .....                  (no boots)
Stlth    +.........             (no amulet)
HPRegen  0.00/turn              r - +4 ring of evasion
MPRegen  0.14/turn              s - ring of magical power

@: confused, rotting
A: rotting body, claws 1, carnivore, cold resistance 1, negative energy
resistance 3, inhibited regeneration, torment resistance, unbreathing
a: no special abilities


You were on level 5 of the Dungeon.
You were not hungry.

You visited 1 branch of the dungeon, and saw 6 of its levels.

You collected 229 gold pieces.

Inventory:

Hand Weapons
 a - a +0 rapier (weapon)
Missiles
 d - 2 throwing nets (quivered)
 q - 2 tomahawks
Armour
 b - a +0 leather armour (worn)
 c - a +0 helmet (worn)
Jewellery
 r - a +4 ring of evasion (left claw)
 s - a ring of magical power (right claw)
 u - a +5 ring of strength {unknown}
Wands
 n - a wand of flame (10)
 o - a wand of iceblast (1)
Scrolls
 e - a scroll of fog {unknown}
 g - 4 scrolls of remove curse {unknown}
 h - a scroll of teleportation {unknown}
 j - a scroll of identify {unknown}
 m - a scroll of enchant weapon {unknown}
 t - a scroll of immolation {unknown}
 v - a scroll of noise {unknown}
 w - 2 scrolls of amnesia {unknown}
 x - a scroll of random uselessness {unknown}
Potions
 k - a potion of degeneration {unknown}
 l - a potion of heal wounds {unknown}
 p - a potion of haste
Comestibles
 f - 9 rations


   Skills:
 + Level 3.8 Fighting
 * Level 4.7 Short Blades
 - Level 1.7 Throwing
 * Level 3.5 Armour
 * Level 4.6 Dodging
 + Level 3.1 Stealth


You had 6 spell levels left.
You didn't know any spells.
Your spell library contained the following spells:

 Spells                   Type           Power        Failure   Level  Hunger
 Magic Dart               Conj           #...         54%         1    ##.....
 Searing Ray              Conj           #.....       67%         2    ###....
 Dazzling Spray           Conj/Hex       #.....       88%         3    ####...
 Force Lance              Conj/Tloc      #.......     99%         4    #####..
 Fulminant Prism          Conj/Hex       #.........   99%         4    #####..
 Iskenderun's Mystic Bla  Conj           #.......     99%         4    #####..


Dungeon Overview and Level Annotations

Branches:
Dungeon (6/15)             Temple (0/1) D:5

Altars:
Gozag
Hepliaklqana
Sif Muna
Yredelemnul


Innate Abilities, Weirdness & Mutations

Your body is rotting away.
You thrive on raw meat.
You are immune to poison.
You have sharp fingernails.
You are carnivorous and can eat meat at any time.
Your flesh is cold resistant. (rC+)
You are immune to negative energy. (rN+++)
You do not regenerate when monsters are visible.
You are immune to unholy pain and torment.
You can survive without breathing.


Message History

Press: ? - help, Shift-Dir - straight line, p - orc priest The mass of ice explodes!
The iceblast engulfs something!
Reactivating autopickup.
Your Stealth skill increases to level 3!
You feel a bit more experienced.
The iceblast engulfs the orc priest!
You kill the orc priest!
The iceblast engulfs you. You partially resist.
* * * LOW HITPOINT WARNING * * *
It was a potion of ambrosia.
You are confused.
You feel invigorated.
The orc wizard casts a spell.
The orc wizard blinks!
The orc priest calls down the wrath of Beogh upon you.
Beogh smites you!
* * * LOW HITPOINT WARNING * * *
You bump into the translucent rock wall.
The orc priest mumbles some strange prayers to Beogh against you.
Beogh smites you!
You die...

?#.......#.## #.# ###.
............# #.# #...
.#...>...#..# #.# #.##
...o...o....# #.#####.#
.#...o[..#..# #.....#.#
...[.o).....# #####.#.#
.#.#.#)#.#..# #.#.#
......o.....# #.#.#
########@##.# #.#.# #....#
#.#.# ####5# ##.#.#
##.#######.>..#
#.............#
################..#######...##
###.5...............# ##.##
......############.## #.#
###.#.######## #.# #.#


You could see 2 orc priests, a crimson imp and 3 orcs.

Vanquished Creatures
  Sigmund (D:4)
  A sky beast (D:5)
  A scorpion (D:5)
  A howler monkey (D:4)
  A crimson imp (D:4)
  2 orc priests
  A hound (D:5)
  3 worker ants
  10 gnolls
  2 adders (D:3)
  An ooze (D:1)
  6 dart slugs
  2 worms
  2 leopard geckos (D:3)
  7 orcs
  2 ball pythons
  16 giant cockroaches
  3 goblins
  7 hobgoblins
  2 jackals (D:2)
  9 kobolds
  3 quokkas (D:3)
  8 bats
  6 frilled lizards
  11 rats
108 creatures vanquished.

Notes
Turn   | Place    | Note
-------+----------+-------------------------------------------
     0 | D:1      | Borgoz the Ghoul Gladiator began the quest for the Orb.
     0 | D:1      | Reached XP level 1. HP: 17/17 MP: 0/0
   167 | D:1      | Reached XP level 2. HP: 25/25 MP: 1/1
   447 | D:1      | Reached XP level 3. HP: 25/30 MP: 2/2
   633 | D:1      | Reached skill level 1 in Armour
   937 | D:2      | Reached skill level 1 in Stealth
   940 | D:2      | Reached XP level 4. HP: 26/37 MP: 3/3
  1547 | D:3      | Found a faded altar of an unknown god.
  1711 | D:3      | Reached XP level 5. HP: 23/44 MP: 4/4
  1967 | D:3      | Reached XP level 6. HP: 41/51 MP: 5/5
  2196 | D:3      | Found a deep blue altar of Sif Muna.
  2262 | D:3      | Found a hazy altar of Hepliaklqana.
  2269 | D:3      | Found an opulent altar of Gozag.
  2400 | D:4      | Noticed Sigmund
  2759 | D:4      | Killed Sigmund
  2759 | D:4      | Reached XP level 7. HP: 46/56 MP: 6/6
  2792 | D:4      | Found a basalt altar of Yredelemnul.
  3363 | D:5      | Entered Level 5 of the Dungeon
  3935 | D:5      | Found a staircase to the Ecumenical Temple.
  3945 | D:5      | Killed from afar by an orc priest

Skill      XL: |  1  2  3  4  5  6  7 |
---------------+----------------------+-----
Dodging        | 3 4 |  4.6
Short Blades   | 3 4 |  4.7
Armour         | 1 2 3 |  3.5
Stealth        | 1 2 3 |  3.1
Fighting       | 3 |  3.8
Throwing       | |  1.7

Action                   |  1- 3 |  4- 6 |  7- 9 || total
-------------------------+-------+-------+-------++-------
Melee: Rapier            |    78 |   281 |    94 ||   453
Throw: Throwing net      |       |     4 |       ||     4
Evoke: Wand              |       |     3 |     2 ||     5
  Use: Potion            |     1 |       |     2 ||     3
 Stab: Sleeping          |       |     1 |     1 ||     2
       Held in net/web   |       |     1 |       ||     1
       Distracted        |       |       |     1 ||     1
  Eat: Chunk             |     4 |    29 |     2 ||    35
Armor: Leather armour    |    30 |    91 |    16 ||   137
Dodge: Dodged            |    58 |   220 |    70 ||   348
